 Dungeon Crawl Stone Soup version 0.14-a0-1297-g3d87a2a (webtiles) character file.

307 Jenx the Poker (level 5, -2/60 HPs)
             Began as a Djinni Warper on Dec 4, 2013.
             Killed from afar by an orc wizard (8 damage)
             ... with a magic dart
             ... on Level 3 of the Dungeon.
             The game lasted 00:07:20 (2256 turns).

Jenx the Poker (Djinni Warper)                      Turns: 2256, Time: 00:07:21

HP  -2/60        AC 22     Str 11      XL: 5   Next: 15%
MP   0/0         EV  1     Int 15      God:
Gold 150         SH  0     Dex 12      Spells:  2 memorised,  5 levels left

rFire  + + +     SeeInvis .     a - +1,+0 spear
rCold  x . .     Clarity  .     r - melded +0 ring mail (curse)
rNeg   + + +     Conserve +     (no shield)
rPois  +         rCorr    .     (no helmet)
rElec  .         rRot     .     (cloak currently unavailable)
SustAb . .       Spirit   .     k - melded +1 pair of gloves
rMut   .         Warding  .     (boots unavailable)
Saprov . . .     NoTele   +     q - cursed amulet of conservation
                                (no ring)
                                (no ring)

@: tree-form, slightly resistant to hostile enchantments, unstealthy
A: fire immunity, cold vulnerability, life protection 3
a: no special abilities


You were on level 3 of the Dungeon.
You were not hungry.
You were an animated tree.
You visited 1 branch of the dungeon, and saw 3 of its levels.

You collected 150 gold pieces.

Inventory:

Hand weapons
 a - a +1,+0 spear (weapon)
Missiles
 f - 10 darts of dispersal
 h - 3 tomahawks (quivered)
Armour
 b - a +0 leather armour
 k - a +1 pair of gloves (melded)
 l - a +0 robe
 r - a cursed +0 ring mail (melded)
Scrolls
 d - a scroll of blinking
 i - 3 scrolls of identify
 n - 2 scrolls of enchant weapon I
Jewellery
 q - a cursed amulet of conservation (around neck)
Potions
 m - a potion of beneficial mutation {unknown}
 o - a potion of might {unknown}
Books
 c - a book of Spatial Translocations

   Spells                             Type                      Level
   *Apportation                       Translocation                1
   Portal Projectile                  Translocation                2
   *Blink                             Translocation                2
   Shroud of Golubria                 Charms/Translocation         2
   Teleport Other                     Translocation                3
   Passage of Golubria                Translocation                4


   Skills:
 - Level 1.7 Fighting
 * Level 4.6 Polearms
 - Level 0.8 Throwing
 - Level 1.1 Armour
 - Level 1.7 Dodging
 - Level 2.4 Spellcasting
 + Level 4.0 Translocations


You had 5 spell levels left.
You knew the following spells:

 Your Spells              Type           Power        Failure   Level  Hunger
a - Apportation           Tloc           ##........   4%          1    N/A
b - Blink                 Tloc           N/A          8%          2    N/A

Dungeon Overview and Level Annotations

Branches:
Dungeon (3/16)

Altars:


Innate Abilities, Weirdness & Mutations

You are immune to all types of fire, even holy and hellish.
You are vulnerable to cold.
You need no food.
You have no legs.
You are immune to negative energy.


Message History

The orc wizard hits you with an orcish dagger.
* * * LOW HITPOINT WARNING * * *
You hit the orc wizard.
The orc wizard is severely wounded.
The orc wizard hits you with an orcish dagger.
* * * LOW HITPOINT WARNING * * *
The orc wizard hits you with an orcish dagger.
* * * LOW HITPOINT WARNING * * *
You closely miss the orc wizard.
The orc wizard is severely wounded.
The orc wizard hits you with an orcish dagger.
* * * LOW HITPOINT WARNING * * *
Drink which item? (? for menu, Esc to quit)
You turn into an animated tree.
Your +1 pair of gloves melds into your body.
Your cursed +0 ring mail melds into your body.
Your roots penetrate the ground.
It was a potion of lignification.
The orc wizard gestures at you while chanting.
The magic dart hits you!
You die...

########.######.########.#
#................
#.######.######## #.# #(#
#.# #(# #.# #.# #.# #.#
..# #.# .<# #♣# . #o# #o#
#o# #.# ... ###


You could see an orc wizard and 2 orcs.

Vanquished Creatures
  An orc priest (D:3)
  5 adders
  An inept item mimic (D:2)
  3 giant geckos
  5 orcs (D:3)
  5 bats
  3 giant cockroaches (D:2)
  7 goblins
  12 hobgoblins
  4 jackals (D:3)
  5 quokkas
  A ball python (D:2)
  A giant newt (D:1)
  8 kobolds
  5 rats
66 creatures vanquished.

Notes
Turn   | Place    | Note
--------------------------------------------------------------
     0 | D:1      | Jenx, the Djinni Warper, began the quest for the Orb.
     0 | D:1      | Reached XP level 1. HP: 17/17 MP: 0/0
   167 | D:1      | Reached XP level 2. EP: 18/24
   679 | D:2      | Learned a level 2 spell: Blink
   966 | D:2      | Reached XP level 3. EP: 23/30
  1112 | D:2      | Reached XP level 4. EP: 17/37
  1310 | D:2      | Reached skill level 4 in Polearms
  2039 | D:3      | Reached XP level 5. EP: 13/43
  2256 | D:3      | Killed from afar by an orc wizard

Action                   |  1- 3 |  4- 6 || total
-------------------------+-------+-------++-------
Melee: Spear             |   127 |   198 ||   325
Throw: Tomahawk          |       |     3 ||     3
  Use: Scroll            |       |     8 ||     8
       Potion            |       |     1 ||     1
